TOP OF THE 1ST |
Kingston Iguanas batting - Pitching for Buffalo LightSabres : LHP Tom Workman
|
Pitching: LHP Tom Workman
|
|
Batting: RHB Tim Davis
|
0-0: Ball 1-0: Called Strike 1-1: Swinging Strike 1-2: Ball 2-2: Strikes out swinging
|
Batting: RHB Bill Crawley
|
0-0: Ball 1-0: Ball 2-0: Ball 3-0: Base on Balls
|
Batting: RHB Luis Aguilar
|
0-0: Called Strike 0-1: Ball 1-1: Ball 2-1: Ball 3-1: Called Strike 3-2: Foul Ball, location: 2F 3-2: Base on Balls Bill Crawley to second
|
Batting: RHB William Duncan
|
0-0: Ball 1-0: Ball 2-0: Called Strike 2-1: Swinging Strike 2-2: Ball 3-2: Fielders Choice at 2nd, 1-6 (Groundball, 23) Bill Crawley to third
|
Batting: LHB Dave Gordon
|
0-0: Ball 1-0: Called Strike 1-1: Called Strike 1-2: Fly out, F7 (Flyball, 7LMF)
|
Top of the 1st over - 0 run(s), 0 hit(s), 0 error(s), 2 left on base; Kingston 0 - Buffalo 0 |
BOTTOM OF THE 1ST |
Buffalo LightSabres batting - Pitching for Kingston Iguanas : RHP José Ramírez
|
Pitching: RHP José Ramírez
|
|
Batting: RHB Júlio López
|
0-0: Ball 1-0: Called Strike 1-1: Ball 2-1: Called Strike 2-2: Ball 3-2: Strikes out swinging
|
Batting: RHB José Pérez
|
0-0: Ball 1-0: Ball 2-0: Called Strike 2-1: Ball 3-1: Base on Balls
|
Batting: SHB Javier Jiménez
|
0-0: Ball 1-0: SINGLE (Groundball, 3L) José Pérez to second Runner from 2nd tries for 3rd, SAFE, no throw or cutoff
|
Batting: LHB Zack Payton
|
0-0: Ball 1-0: Ball 2-0: Called Strike 2-1: Foul Ball, location: 2F 2-2: Strikes out swinging
|
Batting: RHB Jorge Castillo
|
0-0: Ball 1-0: SINGLE (Line Drive, 6M) José Pérez scores Javier Jiménez to second
|
Batting: SHB Barrett Bowden
|
0-0: Fly out, F9 (Line Drive, 89M)
|
Bottom of the 1st over - 1 run(s), 2 hit(s), 0 error(s), 2 left on base; Kingston 0 - Buffalo 1 |
TOP OF THE 2ND |
Kingston Iguanas batting - Pitching for Buffalo LightSabres : LHP Tom Workman
|
Batting: LHB Billy Anderson
|
0-0: Called Strike 0-1: Ground out 4-3 (Groundball, 4)
|
Batting: RHB Mike Johnson
|
0-0: Ball 1-0: Foul Ball, location: 2F 1-1: Ball 2-1: Ball 3-1: Base on Balls
|
Batting: LHB Juan Romero
|
0-0: Ball 1-0: Ball 2-0: SINGLE (Flyball, 8LS) Mike Johnson to second
|
Batting: RHB Bobby Armstrong
|
0-0: Called Strike 0-1: Grounds into double play, 6-4-3 (Groundball, 6)
|
Top of the 2nd over - 0 run(s), 1 hit(s), 0 error(s), 1 left on base; Kingston 0 - Buffalo 1 |
BOTTOM OF THE 2ND |
Buffalo LightSabres batting - Pitching for Kingston Iguanas : RHP José Ramírez
|
Batting: RHB Donato Gozende
|
0-0: Foul Ball, location: 2F 0-1: Ground out 6-3 (Groundball, 6MS)
|
Batting: RHB Manuel Cintrón
|
0-0: Ball 1-0: Foul Ball, location: 2F 1-1: Foul Ball, location: 2F 1-2: Strikes out swinging
|
Batting: LHB Sixto Cortés
|
0-0: Called Strike 0-1: Fly out, F9 (Flyball, 9S)
|
Bottom of the 2nd over - 0 run(s), 0 hit(s), 0 error(s), 0 left on base; Kingston 0 - Buffalo 1 |
TOP OF THE 3RD |
Kingston Iguanas batting - Pitching for Buffalo LightSabres : LHP Tom Workman
|
Batting: RHB Tim Davis
|
0-0: Ball 1-0: Ball 2-0: Ball 3-0: Called Strike 3-1: Foul Ball, location: 2F 3-2: Foul Ball, location: 2F 3-2: Base on Balls
|
Batting: RHB Bill Crawley
|
0-0: Ball 1-0: Called Strike 1-1: Foul Ball, location: 2F 1-2: Strikes out swinging
|
Batting: RHB Luis Aguilar
|
0-0: Called Strike 0-1: Ball 1-1: Ball 2-1: Fly out, F8 (Flyball, 8RD)
|
Batting: RHB William Duncan
|
0-0: Ball 1-0: Foul Ball, location: 2F 1-1: Ball 2-1: Ball 3-1: Base on Balls Tim Davis to second
|
Batting: LHB Dave Gordon
|
0-0: Ball 1-0: Foul Ball, location: 2F 1-1: Ball 2-1: Called Strike 2-2: Ball 3-2: Base on Balls Tim Davis to third William Duncan to second
|
Batting: LHB Billy Anderson
|
0-0: Ball 1-0: Swinging Strike 1-1: Reached on Error, E8 (Flyball, 78M) Tim Davis scores William Duncan scores Dave Gordon to third
|
Batting: RHB Mike Johnson
|
0-0: Called Strike 0-1: Ball 1-1: Ball 2-1: Ball 3-1: Base on Balls
|
Batting: LHB Juan Romero
|
0-0: Ground out U3 (Groundball, 3)
|
Top of the 3rd over - 2 run(s), 0 hit(s), 1 error(s), 3 left on base; Kingston 2 - Buffalo 1 |
BOTTOM OF THE 3RD |
Buffalo LightSabres batting - Pitching for Kingston Iguanas : RHP José Ramírez
|
Batting: RHB Júlio López
|
0-0: Ball 1-0: Foul Ball, location: 2F 1-1: Ball 2-1: Foul Ball, location: 2F 2-2: Ball 3-2: Foul Ball, location: 2F 3-2: Reached on error, E6 (Groundball, 6)
|
Batting: RHB José Pérez
|
0-0: Ball 1-0: Ball 2-0: Foul Ball, location: 2F 2-1: Ball 3-1: Base on Balls Júlio López to second
|
Batting: SHB Javier Jiménez
|
0-0: Ball 1-0: Ball 2-0: Foul Ball, location: 2F 2-1: Fly out, F8 (Flyball, 78D)
|
Batting: LHB Zack Payton
|
0-0: Ball 1-0: Foul Ball, location: 2F 1-1: Called Strike 1-2: Ground out 3-1 (Groundball, 34S) Júlio López to third José Pérez to second
|
Batting: RHB Jorge Castillo
|
0-0: Fly out, F5 (Line Drive, 56)
|
Bottom of the 3rd over - 0 run(s), 0 hit(s), 1 error(s), 2 left on base; Kingston 2 - Buffalo 1 |
TOP OF THE 4TH |
Kingston Iguanas batting - Pitching for Buffalo LightSabres : LHP Tom Workman
|
Batting: RHB Bobby Armstrong
|
0-0: Ball 1-0: Foul Ball, location: 2F 1-1: Ball 2-1: Ball 3-1: Swinging Strike 3-2: Foul Ball, location: 2F 3-2: Fly out, F5 (Line Drive, 5)
|
Batting: RHB Tim Davis
|
0-0: Ball 1-0: Called Strike 1-1: Ball 2-1: Ball 3-1: Foul Ball, location: 2F 3-2: Foul Ball, location: 2F 3-2: Strikes out swinging
|
Batting: RHB Bill Crawley
|
0-0: Ball 1-0: Foul Ball, location: 2F 1-1: Ball 2-1: Ball 3-1: Called Strike 3-2: Foul Ball, location: 2F 3-2: Base on Balls
|
Batting: RHB Luis Aguilar
|
0-0: Ball 1-0: Ball 2-0: Ball Passed Ball! Bill Crawley to second 3-0: Called Strike 3-1: Fly out, F8 (Line Drive, 8RM)
|
Top of the 4th over - 0 run(s), 0 hit(s), 0 error(s), 1 left on base; Kingston 2 - Buffalo 1 |
BOTTOM OF THE 4TH |
Buffalo LightSabres batting - Pitching for Kingston Iguanas : RHP José Ramírez
|
Batting: SHB Barrett Bowden
|
0-0: Fly out, F7 (Flyball, 7LM)
|
Batting: RHB Donato Gozende
|
0-0: Ball 1-0: Ball 2-0: Foul Ball, location: 2F 2-1: Hit by Pitch
|
Batting: RHB Manuel Cintrón
|
0-0: Called Strike 0-1: Called Strike 0-2: SINGLE (Groundball, 6D) Donato Gozende to second
|
Batting: LHB Sixto Cortés
|
0-0: Called Strike 0-1: Fly out, F7 (Flyball, 78S)
|
Batting: RHB Júlio López
|
0-0: Called Strike 0-1: Called Strike 0-2: Ball 1-2: Fly out, F7 (Flyball, 7M)
|
Bottom of the 4th over - 0 run(s), 1 hit(s), 0 error(s), 2 left on base; Kingston 2 - Buffalo 1 |
TOP OF THE 5TH |
Kingston Iguanas batting - Pitching for Buffalo LightSabres : LHP Tom Workman
|
Pitching: RHP Gavin Robbins
|
|
Batting: RHB William Duncan
|
0-0: Called Strike 0-1: Called Strike 0-2: Ball 1-2: SINGLE (Groundball, 5L)
|
Batting: LHB Dave Gordon
|
0-0: Ball 1-0: Ball 2-0: Fly out, F8 (Line Drive, 8RS)
|
Batting: LHB Billy Anderson
|
0-0: Called Strike 0-1: Ball 1-1: Ball 2-1: Foul Ball, location: 2F 2-2: Ball 3-2: Base on Balls William Duncan to second
|
Batting: RHB Mike Johnson
|
0-0: Ball 1-0: Ball 2-0: Ball 3-0: Called Strike 3-1: Called Strike 3-2: Strikes out swinging
|
Batting: LHB Juan Romero
|
0-0: Called Strike 0-1: Ball 1-1: Called Strike 1-2: Ball 2-2: SINGLE (Groundball, 6M) William Duncan to third Billy Anderson to second Runner from 3rd tries for Home, SAFE, no throw or cutoff
|
Batting: RHB Bobby Armstrong
|
0-0: Ball 1-0: Reached on error, E5 (Groundball, 56) Billy Anderson to third Juan Romero to second
|
Batting: RHB Tim Davis
|
0-0: Foul Ball, location: 2F 0-1: Ball 1-1: Ball 2-1: Ground out 4-3 (Groundball, 34)
|
Top of the 5th over - 1 run(s), 2 hit(s), 1 error(s), 3 left on base; Kingston 3 - Buffalo 1 |
BOTTOM OF THE 5TH |
Buffalo LightSabres batting - Pitching for Kingston Iguanas : RHP José Ramírez
|
Batting: RHB José Pérez
|
0-0: Fly out, F8 (Flyball, 8LM)
|
Batting: SHB Javier Jiménez
|
0-0: Swinging Strike 0-1: Ball 1-1: Foul Ball, location: 2F 1-2: SINGLE (Line Drive, 34)
|
Batting: LHB Zack Payton
|
0-0: Called Strike 0-1: Ball 1-1: Foul Ball, location: 2F 1-2: Foul Ball, location: 2F 1-2: Foul Ball, location: 2F 1-2: Ground out 4-3 (Groundball, 4M) Javier Jiménez to second
|
Batting: RHB Jorge Castillo
|
0-0: DOUBLE (Line Drive, 78D) Javier Jiménez scores
|
Batting: SHB Barrett Bowden
|
0-0: Ball 1-0: Ground out 1-3 (Groundball, 13S)
|
Bottom of the 5th over - 1 run(s), 2 hit(s), 0 error(s), 1 left on base; Kingston 3 - Buffalo 2 |
TOP OF THE 6TH |
Kingston Iguanas batting - Pitching for Buffalo LightSabres : RHP Gavin Robbins
|
Batting: RHB Bill Crawley
|
0-0: Swinging Strike 0-1: Ball 1-1: Called Strike 1-2: Foul Ball, location: 2F 1-2: Strikes out looking
|
Batting: RHB Luis Aguilar
|
0-0: Ball 1-0: Ball 2-0: Ball 3-0: Base on Balls
|
Pitching: RHP Pat Jackson
|
|
Batting: RHB William Duncan
|
0-0: Ball 1-0: Ball 2-0: Ball 3-0: Called Strike 3-1: Foul Ball, location: 2F 3-2: Foul Ball, location: 2F 3-2: Base on Balls Luis Aguilar to second
|
Batting: LHB Dave Gordon
|
0-0: Ball 1-0: SINGLE (Groundball, 34D) Luis Aguilar to third William Duncan to second Runner from 3rd tries for Home, SAFE, no throw or cutoff
|
Batting: LHB Billy Anderson
|
0-0: Called Strike 0-1: Called Strike 0-2: Ball 1-2: Ball 2-2: Foul Ball, location: 2F 2-2: Foul Ball, location: 2F 2-2: Strikes out swinging
|
Batting: RHB Mike Johnson
|
0-0: Called Strike 0-1: Ball Reached via error on a dropped throw, E3 William Duncan to third Dave Gordon to second
|
Batting: LHB Juan Romero
|
0-0: Ball 1-0: Ball 2-0: Ground out 1-3 (Groundball, 15S)
|
Top of the 6th over - 1 run(s), 1 hit(s), 1 error(s), 3 left on base; Kingston 4 - Buffalo 2 |
BOTTOM OF THE 6TH |
Buffalo LightSabres batting - Pitching for Kingston Iguanas : RHP José Ramírez
|
Batting: RHB Donato Gozende
|
0-0: Foul Ball, location: 2F 0-1: Ball 1-1: Ball
|
|
|
|
2-1: Ball 3-1: Called Strike 3-2: Strikes out looking
|
Batting: RHB Manuel Cintrón
|
0-0: Foul Ball, location: 2F 0-1: Ball 1-1: Ball 2-1: Fly out, F7 (Flyball, 78M)
|
Batting: LHB Sixto Cortés
|
0-0: Called Strike 0-1: Swinging Strike 0-2: Ball 1-2: Strikes out looking
|
Bottom of the 6th over - 0 run(s), 0 hit(s), 0 error(s), 0 left on base; Kingston 4 - Buffalo 2 |
TOP OF THE 7TH |
Kingston Iguanas batting - Pitching for Buffalo LightSabres : RHP Pat Jackson
|
Batting: RHB Bobby Armstrong
|
0-0: Ball 1-0: Reached on error, E5 (Groundball, 5)
|
Batting: RHB Tim Davis
|
0-0: Sac Bunt - play at first, batter OUT! 1-3 Bobby Armstrong to second
|
Batting: RHB Bill Crawley
|
0-0: Ground out 4-3 (Groundball, 4) Bobby Armstrong to third
|
Batting: RHB Luis Aguilar
|
0-0: Called Strike 0-1: Ball 1-1: Ball 2-1: SINGLE (Groundball, 34) Bobby Armstrong scores
|
Batting: RHB William Duncan
|
0-0: Called Strike 0-1: Foul Ball, location: 2F 0-2: Ball 1-2: Ball 2-2: Ball 3-2: Base on Balls Luis Aguilar to second
|
Batting: LHB Dave Gordon
|
0-0: Ball 1-0: Ball 2-0: Called Strike 2-1: Swinging Strike 2-2: SINGLE (Line Drive, 34) Luis Aguilar to third William Duncan to second Runner from 3rd tries for Home, SAFE, throw made at trailing runner, SAFE at third!
|
Batting: LHB Billy Anderson
|
0-0: Ball 1-0: Foul Ball, location: 2F 1-1: Foul Ball, location: 2F 1-2: Ball 2-2: Ball 3-2: Foul Ball, location: 2F 3-2: Base on Balls Dave Gordon to second
|
Pitching: RHP Howard Jewel
|
|
Batting: RHB Mike Johnson
|
0-0: Called Strike 0-1: Swinging Strike 0-2: Strikes out swinging
|
Top of the 7th over - 2 run(s), 2 hit(s), 1 error(s), 3 left on base; Kingston 6 - Buffalo 2 |
BOTTOM OF THE 7TH |
Buffalo LightSabres batting - Pitching for Kingston Iguanas : RHP José Ramírez
|
Batting: RHB Júlio López
|
0-0: Bunted foul 0-1: Ball 1-1: SINGLE (Line Drive, 6MD)
|
Batting: RHB José Pérez
|
0-0: Called Strike 0-1: Ball 1-1: Ball 2-1: Foul Ball, location: 2F 2-2: Ball 3-2: Base on Balls Júlio López to second
|
Batting: SHB Javier Jiménez
|
0-0: Foul Ball, location: 2F 0-1: SINGLE (Groundball, 34D) Júlio López to third José Pérez to second
|
Batting: LHB Zack Payton
|
0-0: Called Strike 0-1: Ball 1-1: Called Strike 1-2: Strikes out swinging
|
Batting: RHB Jorge Castillo
|
0-0: Foul Ball, location: 2F 0-1: Called Strike 0-2: Foul Ball, location: 2F 0-2: Strikes out swinging
|
Batting: SHB Barrett Bowden
|
0-0: Foul Ball, location: 2F 0-1: Called Strike 0-2: Ball 1-2: Foul Ball, location: 2F 1-2: Fly out, F8 (Flyball, 8RXD)
|
Bottom of the 7th over - 0 run(s), 2 hit(s), 0 error(s), 3 left on base; Kingston 6 - Buffalo 2 |
TOP OF THE 8TH |
Kingston Iguanas batting - Pitching for Buffalo LightSabres : RHP Howard Jewel
|
Batting: LHB Juan Romero
|
0-0: Ball 1-0: Ground out U3 (Groundball, 3L)
|
Batting: RHB Bobby Armstrong
|
0-0: Fly out, F7 (Popup, 56D)
|
Batting: RHB Tim Davis
|
0-0: Ball 1-0: Fly out, F8 (Flyball, 8RD)
|
Top of the 8th over - 0 run(s), 0 hit(s), 0 error(s), 0 left on base; Kingston 6 - Buffalo 2 |
BOTTOM OF THE 8TH |
Buffalo LightSabres batting - Pitching for Kingston Iguanas : RHP José Ramírez
|
Batting: RHB Donato Gozende
|
0-0: Ball 1-0: Ball 2-0: SINGLE (Groundball, 34D)
|
Batting: RHB Manuel Cintrón
|
0-0: Ball 1-0: Fly out, F7 (Flyball, 7M)
|
Batting: LHB Sixto Cortés
|
0-0: Called Strike 0-1: Foul Ball, location: 2F 0-2: Ball 1-2: SINGLE (Groundball, 6D) Donato Gozende to second
|
Batting: RHB Júlio López
|
0-0: Ball 1-0: Foul Ball, location: 2F 1-1: Foul Ball, location: 2F 1-2: Foul Ball, location: 2F 1-2: Ball 2-2: Fly out, F3 (Popup, 23F)
|
Batting: RHB José Pérez
|
0-0: Ball 1-0: Called Strike 1-1: Reached on error, E5 (Groundball, 56S) Donato Gozende to third Sixto Cortés to second
|
Batting: SHB Javier Jiménez
|
0-0: Ball 1-0: Foul Ball, location: 2F 1-1: Swinging Strike 1-2: Strikes out looking
|
Bottom of the 8th over - 0 run(s), 2 hit(s), 1 error(s), 3 left on base; Kingston 6 - Buffalo 2 |
TOP OF THE 9TH |
Kingston Iguanas batting - Pitching for Buffalo LightSabres : RHP Howard Jewel
|
Batting: RHB Bill Crawley
|
0-0: Called Strike 0-1: Swinging Strike 0-2: Foul Ball, location: 2F 0-2: Ball 1-2: Strikes out swinging
|
Batting: RHB Luis Aguilar
|
0-0: Ball 1-0: Ball 2-0: Called Strike 2-1: Ball 3-1: Base on Balls
|
Batting: RHB William Duncan
|
0-0: Fly out, F5 (Line Drive, 56)
|
Batting: LHB Dave Gordon
|
0-0: Ball Luis Aguilar is caught stealing 2nd base
|
Top of the 9th over - 0 run(s), 0 hit(s), 0 error(s), 0 left on base; Kingston 6 - Buffalo 2 |
BOTTOM OF THE 9TH |
Buffalo LightSabres batting - Pitching for Kingston Iguanas : RHP José Ramírez
|
Batting: LHB Zack Payton
|
0-0: Called Strike 0-1: Swinging Strike 0-2: Fly out, F6 (Popup, 56D)
|
Batting: RHB Jorge Castillo
|
0-0: SOLO HOME RUN (Flyball, 8RXD), Distance : 416 ft
|
Pitching: RHP Vic Bradshaw
|
|
Batting: SHB Barrett Bowden
|
0-0: Ball 1-0: Ball 2-0: Called Strike 2-1: Ball 3-1: Base on Balls
|
Batting: RHB Donato Gozende
|
0-0: Ball 1-0: Ball 2-0: Ball 3-0: Swinging Strike 3-1: Foul Ball, location: 2F 3-2: Base on Balls Barrett Bowden to second
|
Pinch Hitting: LHB Craig Kenney
|
0-0: Ball 1-0: Swinging Strike 1-1: Ball 2-1: Swinging Strike 2-2: Strikes out swinging
|
Batting: LHB Sixto Cortés
|
0-0: Ball 1-0: Swinging Strike 1-1: Ball 2-1: Swinging Strike 2-2: Foul Ball, location: 2F 2-2: SINGLE (Line Drive, 34D) Barrett Bowden to third Donato Gozende to second Runner from 3rd tries for Home, SAFE, no throw or cutoff
|
Pitching: RHP Jesús Gonzáles
|
|
Pinch Hitting: LHB Rob Davidson
|
0-0: Ball 1-0: Ball 2-0: Called Strike 2-1: Fly out, F6 (Line Drive, 6M)
|
Bottom of the 9th over - 2 run(s), 2 hit(s), 0 error(s), 2 left on base; Kingston 6 - Buffalo 4 |
|
Monday, December 5th, 2016 - OOTP Baseball 17.12 Build 75
|
|